 Dungeon Crawl Stone Soup version 0.31-a0-208-gdb31a4691d (webtiles) character file.

Game seed: 5107739198649248716

13 innerfire43 the Trooper (level 2, -3/24 HPs)
             Began as a Demonspawn Monk on June 28, 2023.
             Slain by a gnoll
             ... wielding a +0 whip
              (7 damage)
             ... on level 1 of the Dungeon.
             The game lasted 00:00:17 (76 turns).

innerfire43 the Trooper (Demonspawn Monk)             Turns: 76, Time: 00:00:18

Health: -3/24      AC:  2    Str: 11    XL:     2   Next: 24%
Magic:  2/2        EV: 13    Int: 11    God:
Gold:   10         SH:  0    Dex: 15    Spells: 1/1 levels left

rFire   . . .        a - +0 hand axe
rCold   . . .        d - orb {light}
rNeg    . . .        b - +0 robe
rPois   .            (no helmet)
rElec   .            (no cloak)
rCorr   .            (no gloves)
SInv    .            (no boots)
Will    .....        (no amulet)
Stlth   +            (no ring)
HPRegen 0.24/turn    (no ring)
MPRegen 0.08/turn

%: no passive effects
@: glowing
A: spiny 1
a: no special abilities


You were on level 1 of the Dungeon.
You visited 1 branch of the dungeon, and saw 1 of its levels.

You collected 10 gold pieces.

Inventory:

Hand Weapons
 a - a +0 hand axe (weapon)
Armour
 b - a +0 robe (worn)
 d - an orb of light (worn)
Scrolls
 e - a scroll of enchant weapon {unknown}
 f - a scroll of identify {unknown}
Potions
 g - a potion of resistance {unknown}


   Skills:
 + Level 3.2 Fighting
 + Level 2.9 Axes
 + Level 2.9 Dodging


You had one spell level left.
You didn't know any spells.
Your spell library was empty.

Dungeon Overview and Level Annotations

Branches:
Dungeon (1/15)

Altars:


Innate Abilities, Weirdness & Mutations

You are partially covered in sharp spines.


Message History

You hit the hobgoblin but do no damage.
The hobgoblin is severely wounded.
You hit the jackal.
You kill the jackal!
You hit the endoplasm but do no damage. The hobgoblin closely misses you.
The endoplasm barely misses you.
You have reached level 2!
Your demonic ancestry asserts itself...
Sharp spines emerge from parts of your body.
You hit the hobgoblin but do no damage.
The hobgoblin is severely wounded.
You hit the endoplasm.
You kill the endoplasm!
The hobgoblin hits you but does no damage.
You hit the hobgoblin but do no damage.
The hobgoblin is severely wounded.
The hobgoblin is struck by your spines.
You kill the hobgoblin!
Unknown command.
You see here a hobgoblin corpse.
You see here a jackal corpse.
You hit the rat.
You kill the rat!
You see here a rat corpse.
A goblin comes into view.
It is wielding a +0 dagger of distortion.
The goblin shouts!
You see here 14 gold pieces.
A gnoll comes into view. It is wielding a +0 whip.
You slash the goblin!
You kill the goblin!
The gnoll hits you with a +0 whip.
You are too injured to fight recklessly!
You are too injured to fight recklessly!
You are too injured to fight recklessly!
You are too injured to fight recklessly!
You are too injured to fight recklessly!
You hit the gnoll but do no damage. The gnoll hits you with a +0 whip!
* * * LOW HITPOINT WARNING * * *
You barely miss the gnoll. The gnoll hits you with a +0 whip!
You die...

.. #....... ... #.
###..#.#.......
...##.##.. #.........<
#..#..#.##..#.#....... #
#..#... #..##.......
#.###.#..# #...#.......
.........###....##......
#.........#..###.....
#.g@..# #..# ##....
#.....####..#######.
#....#.).$#...)....#..
#...#..##....††††.....#.
#.##..# #......†..###.(#
. #.# #...#..###..###..
.. #..###.# ##..###. ...
....# #.# #..### .....#
#.# #..##


You could see a gnoll.

Vanquished Creatures
  An endoplasm (D:1)
  2 goblins (D:1)
  A hobgoblin (D:1)
  4 jackals (D:1)
  A bat (D:1)
  A frilled lizard (D:1)
  A rat (D:1)
11 creatures vanquished.

Notes
Turn   | Place    | Note
-------+----------+-------------------------------------------
     0 | D:1      | innerfire43 the Demonspawn Monk began the quest for the
                  | Orb.
     0 | D:1      | Reached XP level 1. HP: 18/18 MP: 1/1
    48 | D:1      | Gained mutation: You are partially covered in sharp spines.
                  | [demonic ancestry]
    48 | D:1      | Reached XP level 2. HP: 9/24 MP: 2/2
    76 | D:1      | Slain by a gnoll

Illustrated notes

Levels and vault maps discovered:
D:1:      psy_arrival_dodecagon, layout_rooms

Action                     || total
---------------------------++-------
  Melee: Hand axe          ||    18
    Use: Potion            ||     1
 Armour: Robe              ||     6
  Dodge: Dodged            ||    45

Table legend: (Time is in decaauts)
 A = Elapsed time spent in this place.
 B = Non-inter-level travel time spent in this place.
 C = Inter-level travel time spent in this place.
 D = Time resting spent in this place.
 E = Time spent auto-exploring this place.
 F = Levels seen in this place.
 G = Mean time per level.
                   A        B        C        D        E       F      G
               +--------+--------+--------+--------+--------+-----+--------+
         Total |     78 |     78 |      0 |      0 |     34 |   1 |   78.0 |
       Dungeon |     78 |     78 |      0 |      0 |     34 |   1 |   78.0 |
               +--------+--------+--------+--------+--------+-----+--------+

Top non-repeatable levels by time:
     D:1: 78 daAuts
